 Dungeon Crawl Stone Soup version 0.24.0-125-gc4c63601f3 (webtiles) character file.

Game seed: 11967819049716855563, levelgen mode: deterministic

6029 mortelune the Nimble (level 10, -1/57 HPs)
             Began as a Deep Elf Fire Elementalist on Feb 22, 2020.
             Was a Priest of Vehumet.
             Slain by a five-headed hydra (11 damage)
             ... on level 10 of the Dungeon.
             The game lasted 00:28:36 (13910 turns).

mortelune the Nimble (Deep Elf Fire Elementalist)  Turns: 13910, Time: 00:28:36

Health: -1/57      AC:  5    Str:  9    XL:     10   Next: 56%
Magic:  1/24       EV: 18    Int: 23    God:    Vehumet [***...]
Gold:   43         SH:  0    Dex: 15    Spells: 10/26 levels left

rFire    x . .     SeeInvis +   A - +9 quarterstaff of Defence {freeze, Str+3}
rCold    + . .     Gourm    .   (shield currently unavailable)
rNeg     . . .     Faith    .   x - +2 robe {Archmagi}
rPois    .         Spirit   .   m - +1 hat {SInv}
rElec    .         Reflect  .   (no cloak)
rCorr    .         Harm     .   (no gloves)
MR       +....                  (no boots)
Stlth    ++........             b - amulet of the acrobat
HPRegen  0.19/turn              C - ring of ice
MPRegen  0.19/turn              (no ring)

@: no status effects
A: no striking features
a: Renounce Religion


You were on level 10 of the Dungeon.
You worshipped Vehumet.
Vehumet was most pleased with you.
You were not hungry.

You visited 2 branches of the dungeon, and saw 11 of its levels.

You collected 580 gold pieces.
You spent 537 gold pieces at shops.

Inventory:

Hand Weapons
 d - a +0 short sword
 p - a +2 whip of electrocution
 A - the +9 quarterstaff of Defence (weapon) {freeze, Str+3}
   (You found it on level 8 of the Dungeon)

   It has been specially enchanted to freeze those struck by it, causing extra
   injury to most foes and up to half again as much damage against particularly
   susceptible opponents.
   It can also slow down cold-blooded creatures.
   It affects your strength (+3).
 F - the +7 spear of Tenacity {flame, -Tele Str+2 Stlth+}
   (You found it on level 9 of the Dungeon)

   It has been specially enchanted to burn those struck by it, causing extra
   injury to most foes and up to half again as much damage against particularly
   susceptible opponents.
   It affects your strength (+2).
   It prevents most forms of teleportation.
   It makes you more stealthy.
Missiles
 s - 177 stones (quivered)
Armour
 a - a +0 robe
 m - a +1 hat of see invisible (worn)
 x - a +2 robe of the Archmagi (worn)
Jewellery
 b - an amulet of the acrobat (around neck)
 C - a ring of ice (left hand)
Wands
 y - a wand of paralysis (8)
Scrolls
 e - 4 scrolls of amnesia
 g - 3 scrolls of blinking
 j - 6 scrolls of immolation
 k - 7 scrolls of remove curse
 l - a scroll of enchant armour
 q - 6 scrolls of teleportation
 u - 3 scrolls of fog
 v - a scroll of identify
 w - a scroll of magic mapping
 D - a scroll of summoning
 E - 2 scrolls of enchant weapon {unknown}
Potions
 f - a potion of heal wounds
 h - a potion of invisibility
 i - a potion of degeneration {unknown}
 n - 7 potions of curing {unknown}
 o - 2 potions of mutation
 r - a potion of flight {unknown}
 t - 5 potions of lignification
 z - 3 potions of magic
 B - a potion of might
 G - a potion of cancellation {unknown}
Comestibles
 c - 13 rations


   Skills:
 + Level 4.2 Fighting
 + Level 0.4 Staves
 * Level 9.3 Dodging
 - Level 2.4 Stealth
 - Level 8.6 Spellcasting
 + Level 7.8 Conjurations
 * Level 8.3 Fire Magic
 * Level 6.3 Earth Magic


You had 10 spell levels left.
You knew the following spells:

 Your Spells              Type           Power        Failure   Level  Hunger
a - Flame Tongue          Conj/Fire      #####        1%          1    None
b - Throw Flame           Conj/Fire      ######       1%          2    None
c - Conjure Flame         Conj/Fire      ######..     1%          3    None
d - Sticky Flame          Conj/Fire      ######..     1%          4    ##.....
e - Fireball              Conj/Fire      ######....   1%          5    #####..
f - Sandblast             Erth           ######       1%          1    None

Your spell library contained the following spells:

 Spells                   Type           Power        Failure   Level  Hunger
 Static Discharge         Conj/Air       #####...     1%          3    None
 Inner Flame              Hex/Fire       #####...     1%          3    None


Dungeon Overview and Level Annotations

Branches:
Dungeon (10/15)            Temple (1/1) D:4
   Lair: D:8-11         Orc: D:9-12

Altars:
Ashenzari
Cheibriados
Dithmenos
Elyvilon
Fedhas
Gozag
Hepliaklqana
Kikubaaqudgha
Makhleb
Nemelex Xobeh
Okawaru
Qazlal
Ru
Sif Muna
Trog
Uskayaw
Vehumet
Wu Jian
Xom
Yredelemnul
Zin
The Shining One
Lugonu

Shops:
D:6 [   D:7 :   D:8 (   D:9 ?[%*}

Annotations:
D:10 Erica, Erolcha


Message History

The five-headed hydra is heavily wounded.
The five-headed hydra is covered in liquid flames!
The five-headed hydra burns!
The five-headed hydra is engulfed in blazing flames.
The five-headed hydra closely misses you.
The five-headed hydra bites you! x4
* * * LOW HITPOINT WARNING * * *
Casting: Sticky Flame (safe; 1% risk of failure)
Confirm with . or Enter, or press ? or * to list all spells.
Aiming: Flame Tongue (safe; 1% risk of failure)
Press: ? - help, Shift-Dir - straight line, f/p - five-headed hydra
Aim: a five-headed hydra (flame, heavily wounded, covered in liquid flames)
You feel a surge of power!
The flame tongue hits the five-headed hydra!
The five-headed hydra is severely wounded.
The five-headed hydra burns!
The five-headed hydra is engulfed in blazing flames.
The five-headed hydra barely misses you.
The five-headed hydra bites you!
You die...

.........5 .......# ....#
..<.# .......# #...# #####
###.# # #.....###...## .....
.. #............# ...#
#..####....#..#....#
#..####.........##.#.....
####..#.....................
###.......######..............
#...#........@D......###...).#
##.....########........###..
#..<##.## #.......## ###
#..###..## ####..##.# ...>.
##..#####....###... ......#
#.......#.#### ####. ....##
#.......#.# .. ..##
#.......#.# # . #.........#


You could see a five-headed hydra (burning).

Vanquished Creatures
  Pikel (D:4)
  A queen bee (D:8)
  Grinder (D:4)
  Grum (D:9)
  Eustachio (D:6)
  A hungry ghost (D:9)
  2 steam dragons (D:8)
  Menkaure (D:6)
  Edmund (D:6)
  Duvessa (D:4)
  An orc warrior (D:10)
  2 slaves (D:4)
  An ice beast (D:6)
  A sky beast (D:8)
  A black bear (D:8)
  An eye of draining (D:9)
  7 ogres
  2 wolves (D:9)
  A centaur (D:7)
  2 big kobolds
  5 bullfrogs
  Dowan (D:4)
  3 scorpions
  18 killer bees (D:8)
  A wyvern skeleton (D:8)
  2 bullfrog zombies
  3 crimson imps
  2 jellies
  6 hounds
  8 orc wizards
  7 orc priests
  A centaur skeleton (D:6)
  3 iguanas
  A worker ant (D:10)
  3 hound skeletons
  9 gnolls
  11 adders
  A shadow imp (D:10)
  An ooze (D:7)
  2 adder zombies
  An adder skeleton (D:8)
  6 worms
  4 dart slugs
  7 leopard geckos
  33 orcs
  2 ball pythons
  9 bats
  2 giant cockroaches
  6 goblins
  6 hobgoblins
  12 jackals
  4 quokkas
  6 frilled lizards
  13 kobolds
  14 rats
243 creatures vanquished.

Notes
Turn   | Place    | Note
-------+----------+-------------------------------------------
     0 | D:1      | mortelune the Deep Elf Fire Elementalist began the quest
                  | for the Orb.
     0 | D:1      | Reached XP level 1. HP: 10/10 MP: 6/6
    79 | D:1      | Reached XP level 2. HP: 8/15 MP: 0/8
   221 | D:1      | Learned a level 2 spell: Throw Flame
  1160 | D:1      | Reached XP level 3. HP: 19/19 MP: 7/9
  1338 | D:1      | Learned a level 3 spell: Conjure Flame
  1674 | D:2      | Reached XP level 4. HP: 24/24 MP: 6/11
  1709 | D:2      | Learned a level 4 spell: Sticky Flame
  2302 | D:2      | You fall into a shaft and drop 1 floor!
  2329 | D:3      | You fall into a shaft and drop 1 floor!
  2339 | D:4      | Found a staircase to the Ecumenical Temple.
  2353 | Temple   | Entered the Ecumenical Temple
  2564 | D:4      | Reached XP level 5. HP: 14/28 MP: 6/13
  3242 | D:3      | Reached skill level 5 in Fire Magic
  4136 | D:2      | Reached XP level 6. HP: 32/32 MP: 8/14
  5345 | D:3      | Found a radiant altar of Vehumet.
  5350 | D:3      | Became a worshipper of Vehumet
  5354 | D:3      | Found a shadowy altar of Dithmenos.
  5357 | D:3      | Found a sparkling altar of Nemelex Xobeh.
  5413 | D:4      | Found an iron altar of Okawaru.
  5426 | D:4      | Noticed Dowan
  5428 | D:4      | Noticed Duvessa
  5458 | D:4      | Killed Duvessa
  5458 | D:4      | Reached skill level 5 in Spellcasting
  5599 | D:4      | Reached skill level 5 in Conjurations
  5798 | D:4      | Learned a level 5 spell: Fireball
  5801 | D:4      | Reached XP level 7. HP: 36/36 MP: 10/16
  5885 | D:4      | Noticed Pikel
  6007 | D:4      | Killed Pikel
  6007 | D:4      | Reached skill level 1 in Fighting
  6007 | D:4      | Reached skill level 4 in Dodging
  6233 | D:4      | Killed Dowan
  6233 | D:4      | Reached XP level 8. HP: 43/43 MP: 8/19
  6398 | D:4      | Noticed Grinder
  6403 | D:4      | Killed Grinder
  6403 | D:4      | Reached skill level 5 in Dodging
  6475 | D:4      | Found a shattered altar of Ashenzari.
  6479 | D:4      | Found a burning altar of Makhleb.
  6773 | D:5      | Entered Level 5 of the Dungeon
  7151 | D:5      | Found a shimmering altar of Xom.
  7603 | D:5      | Found a shimmering altar of Xom.
  7603 | D:5      | Found a shimmering altar of Xom.
  7604 | D:5      | Found a shimmering altar of Xom.
  7604 | D:5      | Found a shimmering altar of Xom.
  7759 | D:5      | Reached * piety under Vehumet
  7759 | D:5      | Offered knowledge of Sandblast by Vehumet.
  7759 | D:5      | Reached skill level 6 in Dodging
  7881 | D:5      | Learned a level 1 spell: Sandblast
  8025 | D:5      | Reached skill level 1 in Earth Magic
  8259 | D:6      | Noticed Edmund
  8272 | D:6      | Killed Edmund
  8578 | D:6      | Reached XP level 9. HP: 49/49 MP: 14/21
  8652 | D:6      | Found Zoumoce's Armour Emporium.
  8656 | D:6      | Noticed Menkaure
  8661 | D:6      | Killed Menkaure
  8936 | D:6      | Noticed Eustachio
  8943 | D:6      | Killed Eustachio
  8943 | D:6      | Reached skill level 7 in Dodging
  9058 | D:6      | Found a hazy altar of Hepliaklqana.
  9790 | D:7      | Found Ulih's Book Shoppe.
 10588 | D:8      | Reached skill level 8 in Dodging
 10589 | D:8      | Found Itilal's Antique Weapon Shop.
 10611 | D:8      | Offered knowledge of Searing Ray by Vehumet.
 10784 | D:8      | Reached ** piety under Vehumet
 10811 | D:8      | Found a white marble altar of Elyvilon.
 10909 | D:8      | Got a faintly glowing quarterstaff
 10911 | D:8      | Identified the +9 quarterstaff of Defence {freeze, Str+3}
                  | (You found it on level 8 of the Dungeon)
 10943 | D:8      | Reached skill level 5 in Earth Magic
 10943 | D:8      | Reached XP level 10. HP: 44/56 MP: 17/24
 11049 | D:8      | Found a glowing golden altar of the Shining One.
 11454 | D:8      | Found an opulent altar of Gozag.
 11960 | D:8      | Found a blossoming altar of Fedhas.
 12083 | D:6      | Bought a +1 robe of the Archmagi for 359 gold pieces
 12182 | D:9      | Found Cerog's Assorted Antiques.
 12191 | D:9      | Bought a scroll labeled VAQOPRAIRA for 25 gold pieces
 12191 | D:9      | Bought a scroll labeled TUNASA QEUJA for 25 gold pieces
 12251 | D:9      | Found Gaoxum's Gadget Shop.
 12316 | D:9      | Noticed Grum
 12319 | D:9      | Killed Grum
 12319 | D:9      | Reached skill level 9 in Dodging
 12518 | D:9      | Found Napnebui's Antique Armour Boutique.
 12534 | D:9      | Found a sacrificial altar of Ru.
 12668 | D:9      | Found Hyug's Magic Scroll Shoppe.
 12672 | D:9      | Bought a scroll of teleportation for 48 gold pieces
 12672 | D:9      | Bought a scroll of identify for 32 gold pieces
 12672 | D:9      | Bought a scroll of teleportation for 48 gold pieces
 12883 | D:9      | Found Qymim's Food Shop.
 12963 | D:9      | Found a glowing silver altar of Zin.
 12987 | D:9      | Got an iridescent spear
 12988 | D:9      | Identified the +7 spear of Tenacity {flame, -Tele Str+2
                  | Stlth+} (You found it on level 9 of the Dungeon)
 13322 | D:10     | Entered Level 10 of the Dungeon
 13322 | D:10     | Noticed Erica
 13324 | D:10     | Offered knowledge of Static Discharge by Vehumet.
 13509 | D:10     | Noticed Erolcha
 13881 | D:10     | Reached *** piety under Vehumet
 13885 | D:10     | Noticed a five-headed hydra
 13910 | D:10     | Slain by a five-headed hydra

Levels and vault maps discovered:
D:1:      dpeg_arrival_ratfight, layout_basic
D:2:      layout_basic
D:3:      layout_loops_ring, grunt_temple_overflow_diamond, first_ration
D:4:      layout_layer_cave, overflow_temple_1_default,
          grunt_temple_overflow_open, minmay_temple_entry_stoned_glass,
          uniq_duvessa, uniq_pikel, uniq_grinder
D:5:      layout_cave_pools, xom_redecorated, hex_large
D:6:      layout_rooms, nicolae_overflow_hidden_temple, serial_shops,
          nicolae_shop_behind_doors, uniq_eustachio, uniq_menkaure, uniq_edmund
D:7:      layout_basic, serial_shops, kennysheep_mini_moat
D:8:      layout_basic, nicolae_overflow_crystal_walls, lemuel_round_altar,
          lemuel_doored_altar, basic_altar, serial_shops, shop, david_nohive_1
D:9:      layout_basic, lemuel_round_altar, old_standard_altar, serial_shops,
          nicolae_shop_overgrown_old_shop, shop, shop, shop, shop, uniq_grum
D:10:     layout_rooms, david_lair_generic, uniq_erolcha, uniq_erica
Temple:   corrupted_temple

Skill      XL: |  1  2  3  4  5  6  7  8  9 10 |
---------------+-------------------------------+-----
Conjurations   | 2 3 4 5 6 7 |  7.8
Fire Magic     | 4 5 6 7 8 |  8.3
Spellcasting   | 4 5 6 7 8 |  8.6
Fighting       | 1 2 3 4 |  4.2
Dodging        | 4 6 8 9 |  9.3
Earth Magic    | 1 5 6 |  6.3
Staves         | |  0.4
Stealth        | |  2.4

Action                   |  1- 3 |  4- 6 |  7- 9 | 10-12 || total
-------------------------+-------+-------+-------+-------++-------
Melee: Unarmed           |     1 |       |       |       ||     1
       Whip              |       |       |    15 |       ||    15
       Quarterstaff      |       |       |     1 |     7 ||     8
 Cast: Flame Tongue      |    19 |    57 |   130 |    60 ||   266
       Throw Flame       |    37 |    87 |   101 |    55 ||   280
       Sticky Flame      |       |     5 |    13 |    10 ||    28
       Conjure Flame     |       |       |     6 |     4 ||    10
       Sandblast         |       |       |     8 |     1 ||     9
       Fireball          |       |       |     6 |    17 ||    23
  Use: Scroll            |       |     8 |       |     9 ||    17
  Eat: Chunk             |     3 |     9 |    21 |     6 ||    39
       Ration            |       |     1 |       |     2 ||     3
Armor: Robe              |     4 |     2 |    10 |     3 ||    19
Dodge: Dodged            |    14 |    17 |    37 |    33 ||   101
